 Dungeon Crawl Stone Soup version 5.2-56-g927a965 (console) character file.

1681 prospero the Sensei (level 22, -2/285 HPs) *CASUAL*
             Began as a Merfolk Transmuter on Jan 1, 2018.
             Was the Champion of Ru.
             Slain by a stone giant (20 damage)
             ... on level 3 of the Vaults on Jan 3, 2018.
             The game lasted 01:21:16 (29550 turns).

prospero the Sensei (Merfolk Transmuter)           Turns: 29550, Time: 01:21:16

Health: -2/285     AC: 19 (34%)Str: 21  XL:     22   Next: 33%
Magic:  23/23      EV: 18    Int: 20    God:    Ru [6*[160]]
Gold:   2446       SH:  3    Dex: 16    Spells: 24/41 levels left

rFire    + + .     SeeInvis .     - Unarmed
rCold    . . .     Faith    .   (shield currently unavailable)
rNeg     . . .     Spirit   .   (armour currently unavailable)
rPois    +         Reflect  +   (helmet currently unavailable)
rElec    .                      (cloak currently unavailable)
rCorr    .                      (gloves currently unavailable)
MR       ++...                  (boots currently unavailable)
Stlth    ..........             n - +3 amulet of reflection
Regen    0.6/turn               Z - ring of Rairucsu {MR+ AC+3}
MPRegen  0.3/turn               q - ring of ice

@: dragon-form, flying, drained
A: (change form in water), (swift swim), (stealthy swim), low mp 1, screaming 1,
inability to drink while threatened, no stealth, hated by all, inability to
train armour, no charms magic, no fire magic, no necromancy magic, powerful
hexes
}: 1/9 runes: serpentine
a: End Transformation, Draw Out Power, Power Leap, Apocalypse, Renounce
Religion, Breathe Fire


You were on level 3 of the Vaults.
You worshipped Ru.
Ru was exalted by your worship.
You were not hungry.
You were a fearsome dragon!
You visited 4 branches of the dungeon, and saw 23 of its levels.
You also visited: Sewer and Ice Cave.

You collected 3385 gold pieces.
You spent 939 gold pieces at shops.

Inventory:

Missiles
 g - 581 poisoned darts (quivered)
 h - 9 curare darts
 k - 55 frenzy darts
 G - 165 javelins
Armour
 o - a +2 pair of boots (melded)
 D - a +0 pair of gloves
 F - a +2 cloak (melded)
 L - a +1 hat (melded)
 R - +0 acid dragon scales (melded)
 X - a +0 hat of intelligence
Jewellery
 a - a +5 ring of intelligence
 n - a +3 amulet of reflection (around neck)
 q - a ring of ice (right foreclaw)
 v - a +5 ring of strength
 I - the ring "Boyru" {rC+ rN+ Int-4 SInv}
   (You found it on level 10 of the Dungeon)

   [ring of see invisible]

   It affects your intelligence (-4).
   It protects you from cold.
   It protects you from negative energy.
   It lets you see invisible.
 K - a +3 ring of evasion
 O - the ring of Fesucea {rCorr MR+ Str+2}
   (You found it in an ice cave)

   [ring of resist corrosion]

   It affects your strength (+2).
   It affects your resistance to hostile enchantments.
 Q - an uncursed ring of poison resistance
 Y - an uncursed amulet of guardian spirit
 Z - the ring of Rairucsu (left foreclaw) {MR+ AC+3}
   (You acquired it on level 1 of the Vaults)

   [ring of protection]

   It affects your AC (+3).
   It affects your resistance to hostile enchantments.
Wands
 i - a wand of disintegration (9)
 s - a wand of polymorph (31)
 u - a wand of iceblast (12)
 E - a wand of digging (4)
 N - a wand of confusion (3)
 V - a wand of lightning (4)
Scrolls
 d - 4 scrolls of amnesia
 e - 5 scrolls of fear
 f - 9 scrolls of teleportation
 x - a scroll of silence
 J - 6 scrolls of fog
 M - a scroll of magic mapping
 S - 4 scrolls of blinking
 T - a scroll of enchant armour
Potions
 b - 4 potions of mutation
 c - 7 potions of curing
 p - 6 potions of flight
 r - 2 potions of cancellation
 t - 2 potions of resistance
 w - 3 potions of lignification
 z - 5 potions of magic
 A - 2 potions of heal wounds
 B - a potion of ambrosia
 C - a potion of augmentation
 U - 2 potions of berserk rage
 W - a potion of invisibility
Miscellaneous
 H - a crystal ball of energy


   Skills:
 - Level 20.0(19.7) Fighting
 - Level 20.0(19.8) Dodging
 - Level 2.4(2.3) Shields
 + Level 24.5(24.2) Unarmed Combat
 - Level 10.0(9.8) Spellcasting
 - Level 8.1(7.9) Translocations
 - Level 15.0(14.7) Transmutations


You had 24 spell levels left.
You knew the following spells:

 Your Spells              Type           Power        Failure   Level  Hunger
a - Beastly Appendage     Tmut           50 (50)      0%          1    N/A
b - Sticks to Snakes      Tmut/Summ      39 (100)     1%          2    N/A
c - Blade Hands           Tmut           62 (200)     1%          5    N/A
e - Blink                 Tloc           N/A          1%          2    N/A
g - Dragon Form           Tmut           62 (200)     14%         7    N/A

Dungeon Overview and Level Annotations

Branches:
Dungeon (15/15) Snake (3/3) Orc:2 Slime (0/4) Orc:2 Vaults:3 Orc (2/2) D:15 Vaults (3/3) D:15 Snake:3 Depths (0/3) D:15 Vaults:3 Swamp: Orc:2 Shoals: Orc:2

Altars:
Cheibriados
Dithmenos
Elyvilon
Gozag
Hepliaklqana
Jiyva
Kikubaaqudgha
Makhleb
Nemelex Xobeh
Okawaru
Qazlal
Ru
Sif Muna
Trog
Uskayaw
Vehumet
Wu Jian
Xom
Yredelemnul
Zin
The Shining One

Shops:
D:13 [   Orc:2 ?(=(   Vaults:2 :[


Innate Abilities, Weirdness & Mutations

((You revert to your normal form in water.))
((You are very nimble and swift while swimming.))
((You are very stealthy in the water.))
Your magical capacity is low. (-10% MP)
You occasionally shout uncontrollably at your foes.
You cannot drink potions while threatened.
You cannot be stealthy.
You are hated by all.
You cannot train Armour skill.
You cannot study or cast Charms magic.
You cannot study or cast Fire magic.
You cannot study or cast Necromancy magic.
((You are covered in thick fur. (AC +4)))
Your tricky nature makes your hexes more powerful.


Message History

You bite the vault guard (18)!!
The vault guard is severely wounded.
You claw the vault guard (13)!
The vault guard is almost dead.
The vault guard blocks your attack.
The vault guard is almost dead.
The vault guard hits you with a +1 double sword (3).
* * * LOW HITPOINT WARNING * * *
You focus your will and blind the vault guard in retribution!
You catch the helpless vault guard completely off-guard!
You maul the vault guard (145)!!!!!
You kill the vault guard!
You start resting.
A stone giant comes into view.
The stone giant throws a large rock.
The large rock hits you (26)!!
* * * LOW HITPOINT WARNING * * *
The stone giant throws a large rock.
The large rock hits you (39)!!!
* * * LOW HITPOINT WARNING * * *
The stone giant hits you (20)!!
You die...

## ### ##
)###}###:###|##
...#...#.).#...#
#.#.#.#.#.#.#.#.
#...#...#...#...
.#.#.#D#.#.#.#.#
...#..C#...#...#.
.#.#.#.#.#.#.#.#.#
=..#...#...#...#...#
#.#.#.#.#.#.#|#.#.#.
##:..#...#...#...#$
##.#.#.#.#.#.#.#.#.#
#(..#...#.).#...#...
#.#.#.#.#)#.#.#.#.#
##...#.))#..)#...#.
#..##.#.#.#)#.#.#.#.#.


You could see a stone giant.

Vanquished Creatures
  Mara (Snake:3)
  Nikola (Vaults:3)
  3 titans (Vaults:3)
  Kirke (D:13)
  2 shadow dragons (Vaults:3)
  Frances (D:13)
  A tengu reaver (Vaults:3)
  Roxanne (Snake:2)
  3 frost giants
  10 greater nagas
  7 vault wardens
  2 fire giants (Vaults:2)
  Aizul (Snake:1)
  2 stone giants
  A war gargoyle (Vaults:3)
  5 ironheart preservers
  An ettin (Vaults:3)
  2 hydras
  Harold (Orc:2)
  5 yaktaur captains
  12 vault guards
  15 naga warriors
  3 anacondas (Snake:3)
  4 two-headed ogres
  A death knight (D:14)
  9 centaur warriors
  5 orc high priests
  A tengu warrior (D:15)
  A hell hog (shapeshifter) (Vaults:3)
  A deep troll shaman (Vaults:1)
  11 shock serpents
  15 naga sharpshooters
  A storm dragon zombie (Vaults:2)
  Sonja (D:14)
  2 deep elf knights (Vaults:2)
  7 sea snakes (Snake:3)
  4 salamander mystics
  A hell knight (Vaults:1)
  An unseen horror (shapeshifter) (Vaults:1)
  4 deep trolls (Vaults:1)
  2 unseen horrors
  6 wizards
  6 deep elf archers
  4 naga ritualists (Snake:3)
  3 harpies (Vaults:2)
  3 deep elf magi (Vaults:2)
  4 phantasmal warriors
  8 ironbrand convokers
  A tengu zombie (Vaults:2)
  10 ugly things
  Pikel (D:4)
  A wolf spider zombie (D:15)
  7 orc knights
  11 salamanders
  2 necromancers (Vaults:2)
  8 orc sorcerers
  A fire giant zombie (Vaults:2)
  A manticore (D:12)
  A tengu skeleton (Vaults:2)
  A human zombie (Vaults:2)
  7 mana vipers
  A salamander (shapeshifter) (Vaults:1)
  2 cyclopes (D:12)
  16 black mambas
  An ice statue (IceCv)
  9 guardian serpents (Snake:3)
  A black mamba (shapeshifter) (Vaults:1)
  2 gargoyles
  6 naga magi
  An orb spider (shapeshifter) (D:14)
  2 spiny frogs
  A spiny frog (shapeshifter) (D:12)
  8 vault sentinels
  2 rime drakes
  An efreet (D:15)
  4 freezing wraiths
  16 yaktaurs
  8 trolls
  15 polar bears (IceCv)
  Prince Ribbit (D:5)
  A blink frog (D:15)
  12 slime creatures
  A meliai zombie (D:11)
  A black mamba zombie (D:11)
  A tarantella (shapeshifter) (D:15)
  2 wraiths
  2 shadows
  A vampire (D:8)
  7 wyverns
  A yak (shapeshifter) (Vaults:2)
  A hog (D:13)
  30 yaks
  4 humans (D:13)
  2 angry ghosts
  A yaktaur simulacrum (Vaults:2)
  A steam dragon (D:14)
  50 nagas
  Edmund (D:6)
  2 acid dragons
  2 water moccasins
  4 slaves (D:4)
  7 ice beasts
  A phantom (D:10)
  26 orc warriors
  A black bear (D:8)
  A tengu (shapeshifter) (D:14)
  A wasp (D:12)
  12 wolves (IceCv)
  11 centaurs
  8 ogres
  2 blink frog skeletons
  A rime drake skeleton (D:10)
  5 big kobolds (Sewer)
  A human skeleton (Vaults:2)
  2 wyvern skeletons
  3 scorpions (D:6)
  A vampire bat (D:6)
  13 wights
  An electric eel (Snake:3)
  8 howler monkeys
  3 centaur zombies
  9 centaur skeletons
  A gnoll shaman (D:7)
  6 jellies
  A quasit (D:4)
  15 orc priests
  3 hounds
  2 worker ants (D:5)
  21 orc wizards
  2 killer bee zombies (D:8)
  5 iguanas
  A hound skeleton (D:6)
  Samantha (D:3)
  A howler monkey skeleton (D:4)
  A howler monkey zombie (D:6)
  9 adders
  8 gnolls
  A shadow imp (D:9)
  5 oozes
  An adder skeleton (D:4)
  5 dart slugs
  56 orcs
  9 quokkas
  3 ball pythons
  9 bats
  3 bat skeletons (D:6)
  3 bat zombies (D:6)
  A giant cockroach (D:3)
  14 goblins
  5 hobgoblins
  15 jackals
  12 kobolds
  A frilled lizard (D:3)
  7 rats
806 creatures vanquished.

Vanquished Creatures (others)
  A hydra (D:15)
  An unseen horror (shapeshifter) (Vaults:1)
  A naga (Snake:2)
  A wolf (IceCv)
  A quasit (D:4)
  A hound skeleton (D:4)
  12 plants (Snake:3)
18 creatures vanquished.

Grand Total: 824 creatures vanquished

Notes
Turn   | Place    | Note
-------+----------+-------------------------------------------
     0 | D:1      | prospero the Merfolk Transmuter began the quest for the Orb.
     0 | D:1      | Reached XP level 1. HP: 15/15 MP: 3/3
   115 | D:1      | Reached XP level 2. HP: 6/21 MP: 4/4
   594 | D:1      | Reached skill level 4 in Unarmed Combat
   595 | D:1      | Reached XP level 3. HP: 24/26 MP: 5/5
   978 | D:2      | Found a faded altar of an unknown god.
  1015 | D:2      | Reached XP level 4. HP: 32/32 MP: 6/6
  1031 | D:2      | Reached skill level 5 in Unarmed Combat
  1239 | D:2      | Reached XP level 5. HP: 21/37 MP: 7/7
  1540 | D:3      | Found a shadowy altar of Dithmenos.
  1540 | D:3      | Found a burning altar of Makhleb.
  1540 | D:3      | Found an ornate altar of the Wu Jian Council.
  1540 | D:3      | Found a sacrificial altar of Ru.
  1541 | D:3      | Found a sparkling altar of Nemelex Xobeh.
  1542 | D:3      | Found a shimmering altar of Xom.
  1562 | D:3      | Became a worshipper of Ru the Awakened
  1696 | D:3      | Reached skill level 6 in Unarmed Combat
  1903 | D:3      | Noticed Samantha
  1945 | D:3      | Killed Samantha
  2333 | D:3      | Reached XP level 6. HP: 40/43 MP: 8/8
  2434 | D:3      | Reached skill level 7 in Unarmed Combat
  2704 | D:4      | Learned a level 2 spell: Sticks to Snakes
  2710 | D:4      | Learned a level 5 spell: Blade Hands
  2721 | D:4      | Found a viscous altar of Jiyva.
  2733 | D:4      | Noticed a slave
  2758 | D:4      | Killed a slave
  2761 | D:4      | Noticed Pikel
  2761 | D:4      | Noticed a slave
  2762 | D:4      | Noticed a slave
  2762 | D:4      | Noticed a slave
  2771 | D:4      | Killed Pikel
  2771 | D:4      | Reached skill level 10 in Unarmed Combat
  2771 | D:4      | Reached XP level 7. HP: 27/48 MP: 9/9
  2771 | D:4      | Reached XP level 8. HP: 30/54 MP: 10/10
  2933 | D:4      | Reached skill level 1 in Translocations
  2965 | D:4      | Gained mutation: You are hated by all. [Ru sacrifice]
  2965 | D:4      | Reached * piety under Ru
  3733 | D:5      | Entered Level 5 of the Dungeon
  3818 | D:5      | Reached XP level 9. HP: 53/59 MP: 12/14
  4387 | D:5      | Found an iron altar of Okawaru.
  4398 | D:5      | Reached skill level 5 in Translocations
  4441 | D:5      | Found a shadowy altar of Dithmenos.
  4442 | D:5      | Noticed Prince Ribbit
  4453 | D:5      | Killed Prince Ribbit
  4633 | D:5      | Learned a level 3 spell: Spider Form
  5037 | D:6      | Reached XP level 10. HP: 59/65 MP: 15/15
  5061 | D:6      | Found a glowing drain.
  5068 | Sewer    | Entered a sewer
  5932 | D:6      | Gained mutation: You cannot study or cast Fire magic. [Ru sacrifice]
  5932 | D:6      | Gained mutation: You cannot study or cast Necromancy magic. [Ru sacrifice]
  5932 | D:6      | Gained mutation: You cannot study or cast Charms magic. [Ru sacrifice]
  5932 | D:6      | Reached ** piety under Ru
  6110 | D:6      | Reached skill level 5 in Spellcasting
  6125 | D:6      | Reached skill level 5 in Transmutations
  6145 | D:6      | Noticed Edmund
  6155 | D:6      | Killed Edmund
  6358 | D:6      | Found an ancient bone altar of Kikubaaqudgha.
  7789 | D:7      | Found a basalt altar of Yredelemnul.
  7789 | D:7      | Found a hide-covered altar of Uskayaw.
  7789 | D:7      | Found an opulent altar of Gozag.
  7789 | D:7      | Found a white marble altar of Elyvilon.
  7789 | D:7      | Found a glowing silver altar of Zin.
  7789 | D:7      | Found a deep blue altar of Sif Muna.
  7789 | D:7      | Found a radiant altar of Vehumet.
  7789 | D:7      | Found a hazy altar of Hepliaklqana.
  7789 | D:7      | Found a snail-covered altar of Cheibriados.
  7789 | D:7      | Found a stormy altar of Qazlal.
  7791 | D:7      | Found a glowing golden altar of the Shining One.
  7793 | D:7      | Found a bloodstained altar of Trog.
  8040 | D:8      | Reached XP level 11. HP: 68/72 MP: 10/10
  8370 | D:8      | Reached skill level 5 in Dodging
  8987 | D:9      | Gained mutation: You cannot drink potions while threatened. [Ru sacrifice]
  8987 | D:9      | Reached *** piety under Ru
  9186 | D:9      | Noticed an orc sorcerer
  9193 | D:9      | Killed an orc sorcerer
  9193 | D:9      | Reached skill level 10 in Transmutations
  9210 | D:9      | Reached skill level 5 in Fighting
 10052 | D:9      | Reached XP level 12. HP: 45/91 MP: 14/14
 10443 | D:10     | Entered Level 10 of the Dungeon
 10450 | D:10     | Reached skill level 1 in Shields
 10500 | D:10     | Noticed a two-headed ogre
 10509 | D:10     | Killed a two-headed ogre
 10622 | D:10     | Reached skill level 10 in Dodging
 11088 | D:10     | Got the ring "Boyru" {rC+ rN+ Int-4 SInv}
 11227 | D:10     | Noticed a two-headed ogre
 11229 | D:10     | Killed a two-headed ogre
 11229 | D:10     | Reached skill level 10 in Fighting
 11363 | D:11     | Reached skill level 11 in Unarmed Combat
 11368 | D:11     | Paralysed by an orc sorcerer for 5 turns
 11374 | D:11     | HP: 2/98 [orc sorcerer[an orc high priest] (7)]
 11859 | D:11     | Gained mutation: You cannot train Armour skill. [Ru sacrifice]
 11859 | D:11     | Reached **** piety under Ru
 11965 | D:11     | Noticed an orc high priest
 11975 | D:11     | Killed an orc high priest
 11975 | D:11     | Reached skill level 12 in Unarmed Combat
 11975 | D:11     | Reached XP level 13. HP: 70/104 MP: 16/16
 12201 | D:11     | Reached skill level 13 in Unarmed Combat
 12493 | D:11     | Learned a level 2 spell: Blink
 13223 | D:12     | Reached skill level 14 in Unarmed Combat
 13796 | D:13     | Found Oqosy's Armour Shop.
 13797 | D:13     | Noticed Kirke
 13812 | D:13     | Killed Kirke
 13812 | D:13     | Reached XP level 14. HP: 93/115 MP: 17/17
 13985 | D:13     | Found a frozen archway.
 13996 | IceCv    | Entered an ice cave
 14429 | IceCv    | Reached skill level 15 in Unarmed Combat
 14926 | IceCv    | Noticed a frost giant
 14948 | IceCv    | Killed a frost giant
 14968 | IceCv    | Reached XP level 15. HP: 91/125 MP: 18/18
 14998 | IceCv    | Got the ring of Fesucea {rCorr MR+ Str+2}
 15005 | IceCv    | Got the Guide on Cold
 15321 | D:13     | Found a shadowy altar of Dithmenos.
 15402 | D:13     | Noticed Frances
 15410 | D:13     | Killed Frances
 15410 | D:13     | Reached skill level 15 in Dodging
 16114 | D:14     | Reached skill level 15 in Fighting
 16128 | D:14     | Noticed Sonja
 16136 | D:14     | Killed Sonja
 16733 | D:15     | Entered Level 15 of the Dungeon
 16734 | D:15     | Found a staircase to the Orcish Mines.
 16963 | D:15     | Found a staircase to the Depths.
 17285 | D:15     | Found a gate to the Vaults.
 17313 | D:15     | Reached XP level 16. HP: 34/136 MP: 21/21
 18202 | D:15     | Found a glowing golden altar of the Shining One.
 18403 | Orc:1    | Entered Level 1 of the Orcish Mines
 19011 | Orc:2    | Entered Level 2 of the Orcish Mines
 19100 | Orc:2    | Found a staircase to the Slime Pits.
 19125 | Orc:2    | Found a staircase to the Snake Pit.
 19176 | Orc:2    | Noticed Harold
 19185 | Orc:2    | Killed Harold
 19605 | Orc:2    | Found Beto's Weapon Shoppe.
 19644 | Orc:2    | HP: 6/138 [orc knight/+0 bardiche (32)]
 20088 | Orc:2    | Reached skill level 16 in Unarmed Combat
 20177 | Orc:2    | Found Nejonn's Magic Scroll Shoppe.
 20185 | Orc:2    | HP: 5/138 [orc warrior/+0 trident (19)]
 20190 | Orc:2    | HP: 1/138 [something/puff of flame (5)]
 20608 | Orc:2    | Found Ady Siom's Jewellery Boutique.
 20608 | Orc:2    | Found Uwnigr Ivyr's Antique Weapon Boutique.
 20704 | Orc:2    | Bought an uncursed ring of poison resistance for 340 gold pieces
 20715 | Orc:2    | Bought a scroll of teleportation for 45 gold pieces
 20715 | Orc:2    | Bought a scroll of teleportation for 45 gold pieces
 20715 | Orc:2    | Bought a scroll of enchant armour for 112 gold pieces
 20715 | Orc:2    | Bought a scroll of fog for 30 gold pieces
 20715 | Orc:2    | Bought a scroll of fog for 30 gold pieces
 20715 | Orc:2    | Bought 3 scrolls of blinking for 337 gold pieces
 20793 | Snake:1  | Entered Level 1 of the Snake Pit
 20895 | Snake:1  | Reached XP level 17. HP: 117/144 MP: 24/24
 21497 | Snake:1  | Learned a level 6 spell: Hydra Form
 21654 | Snake:1  | Learned a level 7 spell: Dragon Form
 21709 | Snake:1  | Noticed Aizul
 21725 | Snake:1  | Killed Aizul
 22005 | Snake:2  | Gained mutation: You cannot be stealthy. [Ru sacrifice]
 22005 | Snake:2  | Reached ***** piety under Ru
 22325 | Snake:2  | Noticed Roxanne
 22338 | Snake:2  | Killed Roxanne
 22344 | Snake:2  | Got Roxanne's Tome of Transmigration
 23141 | Snake:3  | Entered Level 3 of the Snake Pit
 23172 | Snake:3  | Reached XP level 18. HP: 154/154 MP: 20/20
 23204 | Snake:3  | Reached skill level 10 in Spellcasting
 23504 | Snake:3  | Reached skill level 17 in Unarmed Combat
 24009 | Snake:3  | Noticed Mara
 24011 | Snake:3  | Noticed prospero's illusion
 24012 | Snake:3  | Reached skill level 15 in Transmutations
 24021 | Snake:3  | Killed Mara
 24240 | Snake:3  | Reached XP level 19. HP: 139/163 MP: 17/22
 24312 | Snake:3  | Reached skill level 18 in Unarmed Combat
 25205 | Snake:3  | Found a gate to the Vaults.
 25213 | Snake:3  | Got a serpentine rune of Zot
 25472 | Snake:3  | Reached skill level 19 in Unarmed Combat
 25505 | Snake:3  | Reached XP level 20. HP: 174/174 MP: 25/25
 25506 | Snake:3  | Gained mutation: Your magical capacity is low. (-10% MP) [Ru sacrifice]
 26051 | Vaults:1 | Entered Level 1 of the Vaults
 26134 | Vaults:1 | Gained mutation: You are frail. (-10% HP) [potion of mutation]
 26134 | Vaults:1 | Gained mutation: Your muscles are strong. (Str +5) [potion of mutation]
 26134 | Vaults:1 | Gained mutation: Your spells are a little harder to cast, but a little more powerful. [potion of mutation]
 26134 | Vaults:1 | Gained mutation: You have a pair of small antennae on your head. [potion of mutation]
 26135 | Vaults:1 | Lost mutation: You are frail. (-10% HP) [potion of mutation]
 26135 | Vaults:1 | Lost mutation: Your muscles are strong. (Str +5) [potion of mutation]
 26135 | Vaults:1 | Lost mutation: Your spells are a little harder to cast, but a little more powerful. [potion of mutation]
 26135 | Vaults:1 | Lost mutation: You have a pair of small antennae on your head. [potion of mutation]
 26135 | Vaults:1 | Gained mutation: You are somewhat resistant to further mutation. [potion of mutation]
 26766 | Vaults:1 | Reached skill level 20 in Unarmed Combat
 26994 | Vaults:1 | Got the ring of Rairucsu {MR+ AC+3}
 27883 | Vaults:2 | Reached skill level 21 in Unarmed Combat
 27902 | Vaults:2 | Reached XP level 21. HP: 161/183 MP: 22/22
 28425 | Vaults:2 | Found Odwin's Armour Boutique.
 28440 | Vaults:2 | Gained mutation: You occasionally shout uncontrollably at your foes. [Ru sacrifice]
 28440 | Vaults:2 | Reached ****** piety under Ru
 28613 | Vaults:2 | Lost mutation: You are somewhat resistant to further mutation. [potion of mutation]
 28613 | Vaults:2 | Gained mutation: Scrolls take you a little longer to read. [potion of mutation]
 28613 | Vaults:2 | Gained mutation: You have sharp fingernails. [potion of mutation]
 28613 | Vaults:2 | Gained mutation: Your movements are less encumbered by armour. (ER -6) [potion of mutation]
 28614 | Vaults:2 | Lost mutation: Scrolls take you a little longer to read. [potion of mutation]
 28614 | Vaults:2 | Lost mutation: Your movements are less encumbered by armour. (ER -6) [potion of mutation]
 28614 | Vaults:2 | Lost mutation: You have sharp fingernails. [potion of mutation]
 28614 | Vaults:2 | Gained mutation: You are covered in thick fur. (AC +4) [potion of mutation]
 28614 | Vaults:2 | Gained mutation: Your tricky nature makes your hexes more powerful. [potion of mutation]
 28638 | Vaults:2 | Reached skill level 22 in Unarmed Combat
 28853 | Vaults:2 | Found Efuybuuj's Book Emporium.
 29403 | Vaults:3 | Entered Level 3 of the Vaults
 29403 | Vaults:3 | Found a staircase to the Depths.
 29403 | Vaults:3 | Found a staircase to the Slime Pits.
 29437 | Vaults:3 | Reached skill level 23 in Unarmed Combat
 29444 | Vaults:3 | Noticed Nikola
 29452 | Vaults:3 | Killed Nikola
 29456 | Vaults:3 | Reached XP level 22. HP: 63/190 MP: 18/25
 29465 | Vaults:3 | Reached skill level 24 in Unarmed Combat
 29491 | Vaults:3 | HP: 11/285 [shadow dragon (9)]
 29550 | Vaults:3 | Slain by a stone giant

Skill      XL: |  1  2  3  4  5  6  7  8  9 10 11 12 13 14 15 16 17 18 19 20 21 22 |
---------------+-------------------------------------------------------------------+-----
Unarmed Combat | 4 5 6 10 12 14 15 16 17 19 21 23 24 | 24.5
Translocations | 2 7 8 |  8.1
Spellcasting   | 4 6 7 8 9 10 | 10.0
Transmutations | 8 10 11 12 14 15 | 15.0
Dodging        | 3 8 10 12 14 15 16 17 19 20 | 20.0
Fighting       | 7 10 12 13 15 16 17 18 19 20 | 20.0
Shields        | 2 |  2.4

Action                   |  1- 3 |  4- 6 |  7- 9 | 10-12 | 13-15 | 16-18 | 19-21 | 22-24 || total
-------------------------+-------+-------+-------+-------+-------+-------+-------+-------++-------
Melee: Unarmed           |    52 |   153 |   155 |   429 |   343 |   453 |   377 |    40 ||  2002
       Headbutt          |     4 |    17 |    28 |    24 |       |       |       |       ||    73
       Punch             |       |     5 |     6 |    21 |    27 |    39 |    36 |     4 ||   138
       Tailslap          |       |       |       |     7 |     1 |    29 |    63 |     7 ||   107
       Bite              |       |       |       |       |       |    20 |    40 |     5 ||    65
Throw: Poisoned dart     |       |     4 |       |       |       |       |       |       ||     4
 Cast: Beastly Appendage |     1 |       |       |       |       |       |       |       ||     1
       Blade Hands       |       |       |       |     2 |       |       |       |       ||     2
       Dragon Form       |       |       |       |       |       |     1 |       |       ||     1
       Hydra Form        |       |       |       |       |       |     1 |       |       ||     1
Invok: Sacrifice Love    |       |       |     1 |       |       |       |       |       ||     1
       Sacrifice Arcana  |       |       |       |     1 |       |       |       |       ||     1
       Sacrifice Drink   |       |       |       |     1 |       |       |       |       ||     1
       Sacrifice Durabil |       |       |       |     1 |       |       |       |       ||     1
       Reject Sacrifices |       |       |       |       |     1 |       |       |       ||     1
       Sacrifice Stealth |       |       |       |       |       |     1 |       |       ||     1
       Apocalypse        |       |       |       |       |       |     1 |     1 |       ||     2
       Sacrifice Essence |       |       |       |       |       |       |     1 |       ||     1
       Sacrifice Purity  |       |       |       |       |       |       |     1 |       ||     1
       Draw Out Power    |       |       |       |       |       |       |       |     1 ||     1
 Abil: Breathe Fire      |       |       |       |       |       |     1 |     2 |       ||     3
  Use: Potion            |       |     3 |     1 |       |     2 |     4 |     6 |     1 ||    17
       Scroll            |       |       |       |     4 |     2 |     6 |     2 |       ||    14
 Stab: Sleeping          |     2 |       |       |     2 |       |     1 |       |       ||     5
       Invisible         |       |       |       |     2 |     3 |     5 |     3 |     1 ||    14
       Distracted        |       |       |       |       |     2 |     1 |       |       ||     3
       Paralysed         |       |       |       |       |       |     4 |     1 |       ||     5
Armor: Robe              |     8 |    25 |       |    11 |       |       |       |       ||    44
       Ring mail         |       |     9 |    28 |    44 |    71 |       |       |       ||   152
       Acid dragon scale |       |       |       |       |    40 |    25 |       |       ||    65
       Skin              |       |       |       |       |       |    46 |    94 |     5 ||   145
Dodge: Dodged            |    37 |    88 |    60 |   191 |   276 |   234 |   137 |     8 ||  1031
Block: Other             |       |     6 |     4 |       |       |       |     1 |     1 ||    12
